 Dungeon Crawl Stone Soup version 0.30-a0-365-ge7f957f1db (webtiles) character file.

Game seed: 407476081314343749

1337 hikkokomori the Covert (level 8, -2/58 HPs)
             Began as a Gnoll Wanderer on Nov 17, 2022.
             Was a Believer of Yredelemnul.
             Engulfed by a steam dragon's steam (4 damage)
             ... on level 6 of the Dungeon.
             The game lasted 00:14:31 (5494 turns).

hikkokomori the Covert (Gnoll Wanderer)             Turns: 5494, Time: 00:14:32

Health: -2/58      AC:  9    Str: 15    XL:     8   Next: 61%
Magic:  23/23      EV: 13    Int: 11    God:    Yredelemnul [**....]
Gold:   585        SH:  0    Dex: 15    Spells: 9/16 levels left

rFire   . . .      SeeInvis .    G - +0 dagger (venom)
rCold   . . .      Faith    .    (no shield)
rNeg    . . .      Spirit   .    y - +2 leather armour "Piceej" {Fly rPois Str+4}
rPois   +          Reflect  .    A - +0 helmet
rElec   .          Harm     .    O - +0 cloak
rCorr   .          Rampage  .    (no gloves)
Will    .....                    l - +0 pair of boots
Stlth   ++++......               h - amulet of magic regeneration
HPRegen 0.29/turn                w - ring of magical power
MPRegen 0.58/turn                (no ring)

@: flying
A: fangs 1, strong nose, distributed training
a: Renounce Religion, Recall Undead Harvest, Dark Bargain


You were on level 6 of the Dungeon.
You worshipped Yredelemnul.
Yredelemnul was noncommittal.
You visited 1 branch of the dungeon, and saw 6 of its levels.
You also visited: Sewer.

You collected 585 gold pieces.

Inventory:

Hand Weapons
 a - a +0 dagger
 d - a +0 short sword
 t - a +0 long sword
 G - a +0 dagger of venom (weapon)
Missiles
 b - 2 atropa-tipped darts
 c - 2 datura-tipped darts
 i - 3 poisoned darts
 I - 2 curare-tipped darts
Armour
 g - a +0 leather armour
 l - a +0 pair of boots (worn)
 y - the +2 leather armour "Piceej" (worn) {Fly rPois Str+4}
   (You found it on level 3 of the Dungeon)

   Str:       It affects your strength (+4).
   rPois:     It protects you from poison.
   Fly:       It grants you flight.
 A - a +0 helmet (worn)
 O - a +0 cloak (worn)
Jewellery
 h - an amulet of magic regeneration (around neck)
 w - a ring of magical power (left hand)
 J - a ring of positive energy
 K - a +6 ring of dexterity
 M - an amulet of reflection
 P - a +4 ring of evasion
Wands
 L - a wand of charming (12)
Scrolls
 e - a scroll of vulnerability
 f - 2 scrolls of blinking
 j - 2 scrolls of fear
 p - 2 scrolls of teleportation
 s - 4 scrolls of amnesia
 v - a scroll of poison
 B - 2 scrolls of enchant armour
 E - a scroll of butterflies
 H - a scroll of summoning
Potions
 k - 3 potions of heal wounds
 m - 3 potions of attraction
 n - a potion of degeneration
 o - 2 potions of lignification
 q - 3 potions of haste
 r - 3 potions of magic
 u - 4 potions of curing
 x - a potion of ambrosia {unknown}
 z - 2 potions of might
 C - 4 potions of brilliance
 D - 2 potions of flight
 F - a potion of resistance {unknown}
 N - a potion of berserk rage {unknown}


   Skills:
 + Level 3.5 Fighting
 + Level 4.4 Short Blades
 + Level 3.5 Long Blades
 + Level 3.5 Axes
 + Level 3.5 Maces & Flails
 + Level 3.5 Polearms
 + Level 3.5 Staves
 + Level 3.5 Ranged Weapons
 + Level 3.5 Throwing
 + Level 5.9 Armour
 + Level 3.5 Dodging
 + Level 10.2 Stealth
 + Level 3.5 Shields
 + Level 3.5 Unarmed Combat
 + Level 4.6 Spellcasting
 + Level 2.9 Conjurations
 + Level 2.9 Hexes
 + Level 2.9 Summonings
 + Level 2.9 Necromancy
 + Level 2.9 Translocations
 + Level 2.9 Transmutations
 + Level 2.9 Fire Magic
 + Level 2.9 Ice Magic
 + Level 2.9 Air Magic
 + Level 2.9 Earth Magic
 + Level 2.9 Poison Magic
 + Level 3.9 Invocations
 + Level 4.4 Evocations


You had 9 spell levels left.
You knew the following spells:

 Your Spells              Type           Power      Damage    Failure   Level
a - Ensorcelled Hibernat  Hex/Ice        18%        N/A       12%         2
b - Blink                 Tloc           18%        N/A       12%         2
c - Passwall              Tmut/Erth      7%         N/A       12%         2
d - Sandblast             Erth           18%        2d7       8%          1

Your spell library contained the following spells:

 Spells                   Type           Power      Damage    Failure   Level
 Momentum Strike          Conj/Tloc      18%        3d8       12%         2
 Ignite Poison            Fire/Tmut/Pois 9%         N/A       24%         3
 Inner Flame              Hex/Fire       9%         N/A       24%         3
 Kindle Blastsparks       Fire/Tloc/Air  18%        2d11      24%         3
 Lesser Beckoning         Tloc           18%        N/A       24%         3
 Spider Form              Tmut/Pois      9%         N/A       24%         3
 Stone Arrow              Conj/Erth      18%        3d8       24%         3
 Anguish                  Hex/Necr       4%         N/A       61%         4
 Cause Fear               Hex            4%         N/A       61%         4
 Freezing Cloud           Conj/Ice/Air   4%         6-21      91%         5
 Discord                  Hex            4%         N/A       100%        8


Dungeon Overview and Level Annotations

Branches:
Dungeon (6/15)              Sewer (visited)
 Temple: D:4-7

Altars:
Cheibriados
Vehumet
Yredelemnul
The Shining One

Shops:
D:1 (


Innate Abilities, Weirdness & Mutations

You have very sharp teeth.
Your uncanny sense of smell can sniff out nearby items.
Your experience applies equally to all skills.


Message History

Ouch! That really hurt!
* * * LOW HITPOINT WARNING * * *
You hear an angry hiss.
You are too injured to fight recklessly!
Unknown command.
The ogre attacks as you move away! The ogre barely misses you.
You can now trade souls for undead servants.
A steam dragon comes into view.
You swap places.
Your ogre zombie hits the ogre!
The ogre dies!
You swap places.
You swap places.
What are your orders? t - Bark!
Orders for allies: a - Attack new target. r - Retreat! s - Stop attacking. g - Guard the area. f - Follow me.
Anything else - Cancel.
Gang up on whom?
Press: ? - help, Dir - move target, f - steam dragon
Aim: a steam dragon Attack!
You swap places.
Unknown command.
Your ogre zombie hits the steam dragon but does no damage.
The steam dragon bites your ogre zombie.
The steam dragon claws your ogre zombie.
Unknown command.
The steam dragon breathes steam at you.
The ball of steam hits your ogre zombie!
The ball of steam hits your kobold zombie!
Your kobold zombie is destroyed!
The ball of steam hits your hound zombie!!
The ball of steam hits your kobold zombie!
Your kobold zombie is destroyed!
The ball of steam hits you!
* * * LOW HITPOINT WARNING * * *
You are engulfed in a cloud of scalding steam.
You die...
Your body rises from the dead as a mindless zombie.

#.#Z# #.#.# #.#Z#
∆ ..#.# ###.# #.#
#.#
#.#############.#
#.ZZ@§§Z.ZD.....#
#################


You could see a friendly spectral iron imp and a friendly kobold brigand zombie.

Vanquished Creatures
  3 ogres
  A centaur (D:6)
  A phantom (D:4)
  2 kobold brigands
  Blork the orc (D:5)
  A necrophage (D:5)
  A howler monkey (D:5)
  2 jellies
  3 hounds
  An iron imp (D:6)
  3 iguanas
  6 adders
  A river rat (Sewer)
  2 worms
  2 dart slugs (D:2)
  11 ball pythons
  6 endoplasms
  3 giant cockroaches
  4 goblins
  6 hobgoblins
  4 jackals (D:4)
  2 quokkas
  6 bats
  A goblin zombie (D:6)
  2 hobgoblin zombies (D:6)
  19 kobolds
  2 kobold skeletons (D:6)
  2 kobold zombies (D:6)
  2 orc skeletons (D:6)
  3 rats
103 creatures vanquished.

Vanquished Creatures (collateral kills)
  2 ogres (D:6)
  A jelly (D:4)
  2 adders
  An endoplasm (D:1)
  A goblin (D:1)
  A hobgoblin (D:1)
  3 kobolds (D:6)
  A ball python (D:1)
  3 bats
  A frilled lizard (D:1)
  A hobgoblin zombie (D:6)
  A kobold skeleton (D:6)
  An orc zombie (D:6)
  A rat (Sewer)
20 creatures vanquished.

Vanquished Creatures (others)
  An iguana zombie (D:4)
  2 jelly zombies (D:4)
  A ball python zombie (Sewer)
  An endoplasm zombie (D:4)
  A goblin zombie (D:4)
  A hobgoblin zombie (D:4)
  2 jackal zombies (D:4)
  5 kobold zombies
  A quokka zombie (D:4)
  A rat zombie (Sewer)
16 creatures vanquished.

Grand Total: 139 creatures vanquished

Notes
Turn   | Place    | Note
-------+----------+-------------------------------------------
     0 | D:1      | Reached skill level 9 in Stealth
     0 | D:1      | hikkokomori the Gnoll Wanderer began the quest for the Orb.
     0 | D:1      | hikkokomori set off with the following items: a +0 dagger,
                  | 2 atropa-tipped darts, 2 datura-tipped darts, a +0 short
                  | sword, a scroll of vulnerability, a scroll of blinking, a
                  | +0 leather armour.
     0 | D:1      | Reached XP level 1. HP: 13/13 MP: 4/4
    79 | D:1      | Found a faded altar of an unknown god.
   111 | D:1      | Prayed at the altar of an unknown god.
   111 | D:1      | Became a worshipper of Yredelemnul the Dark
   111 | D:1      | Reached * piety under Yredelemnul
   127 | D:1      | Reached XP level 2. HP: 18/19 MP: 5/5
   261 | D:1      | Reached ** piety under Yredelemnul
   312 | D:1      | Found Kiumn's Weapon Shoppe.
   720 | D:2      | Reached XP level 3. HP: 25/25 MP: 7/7
  1089 | D:2      | Reached skill level 1 in Invocations
  1137 | D:2      | Reached skill level 1 in Fighting
  1137 | D:2      | Reached skill level 1 in Long Blades
  1137 | D:2      | Reached skill level 1 in Axes
  1137 | D:2      | Reached skill level 1 in Maces & Flails
  1137 | D:2      | Reached skill level 1 in Polearms
  1137 | D:2      | Reached skill level 1 in Staves
  1137 | D:2      | Reached skill level 1 in Ranged Weapons
  1137 | D:2      | Reached skill level 1 in Throwing
  1137 | D:2      | Reached skill level 1 in Dodging
  1137 | D:2      | Reached skill level 1 in Shields
  1137 | D:2      | Reached skill level 1 in Unarmed Combat
  1627 | D:3      | Identified the +2 leather armour "Piceej" {Fly rPois Str+4}
  1652 | D:3      | Reached XP level 4. HP: 32/32 MP: 8/8
  1685 | D:3      | Found a glowing drain.
  1739 | Sewer    | Entered a sewer
  1785 | Sewer    | HP: 1/32 [river rat (6)]
  2023 | Sewer    | Noticed a kobold brigand
  2037 | Sewer    | Reached skill level 1 in Conjurations
  2037 | Sewer    | Reached skill level 1 in Hexes
  2037 | Sewer    | Reached skill level 1 in Summonings
  2037 | Sewer    | Reached skill level 1 in Necromancy
  2037 | Sewer    | Reached skill level 1 in Translocations
  2037 | Sewer    | Reached skill level 1 in Transmutations
  2037 | Sewer    | Reached skill level 1 in Fire Magic
  2037 | Sewer    | Reached skill level 1 in Ice Magic
  2037 | Sewer    | Reached skill level 1 in Air Magic
  2037 | Sewer    | Reached skill level 1 in Earth Magic
  2037 | Sewer    | Reached skill level 1 in Poison Magic
  2045 | Sewer    | Killed a kobold brigand
  2046 | Sewer    | Reached XP level 5. HP: 37/37 MP: 9/9
  2282 | D:3      | Found a radiant altar of Vehumet.
  2286 | D:3      | Learned a level 2 spell: Ensorcelled Hibernation
  2356 | D:3      | Found a snail-covered altar of Cheibriados.
  2930 | D:4      | Reached XP level 6. HP: 34/44 MP: 11/11
  3040 | D:4      | Reached skill level 5 in Armour
  3416 | D:4      | Learned a level 2 spell: Blink
  3419 | D:4      | Learned a level 2 spell: Passwall
  3421 | D:4      | Learned a level 1 spell: Sandblast
  3583 | D:4      | Reached XP level 7. HP: 26/51 MP: 12/12
  3711 | D:5      | Entered Level 5 of the Dungeon
  3916 | D:5      | Identified the +6 rapier of the Messenger {vorpal, rC-
                  | Dex+6}
  3992 | D:5      | Noticed Blork the orc
  3996 | D:5      | Killed Blork the orc
  3997 | D:5      | Reached skill level 10 in Stealth
  4530 | D:5      | Reached XP level 8. HP: 56/58 MP: 14/14
  4852 | D:6      | Found a glowing golden altar of the Shining One.
  5493 | D:6      | HP: 2/58 [something/ball of steam (10)]
  5494 | D:6      | Engulfed by a steam dragon's steam

Illustrated notes

Levels and vault maps discovered:
D:1:      lemuel_arrival_muddy, layout_loops_cross, serial_shops,
          nicolae_shop_statue_plus, ebering_ecumenical_altar_box
D:2:      minmay_skewed_foursquare, layout_basic, serial_forest,
          infiniplex_forest_pool, infiniplex_forest_straight_3,
          infiniplex_forest_corner_1, infiniplex_forest_lined_corner,
          infiniplex_forest_clump_medium
D:3:      layout_loops_ring, cheibriados_altar_1, amcnicky_altar_gilded,
          cheibrodos_sewer_entry_sluice, chequers_serial_rivers_marsh,
          minivault_14, minmay_circle_x
D:4:      nicolae_cairo_tiling, layout_rooms, dreamdust_wishing_well
D:5:      layout_basic, minivault_24, uniq_blork_the_orc
D:6:      layout_basic, nicolae_tso_besieged_by_evil, guppyfry_early_elven_hall

Skill      XL: |  1  2  3  4  5  6  7 |
---------------+----------------------+-----
Stealth        | 10 | 10.2
Invocations    | 1 2 3 |  3.9
Fighting       | 1 2 3 |  3.5
Long Blades    | 1 2 3 |  3.5
Axes           | 1 2 3 |  3.5
Maces & Flails | 1 2 3 |  3.5
Polearms       | 1 2 3 |  3.5
Staves         | 1 2 3 |  3.5
Ranged Weapons | 1 2 3 |  3.5
Throwing       | 1 2 3 |  3.5
Dodging        | 1 2 3 |  3.5
Shields        | 1 2 3 |  3.5
Unarmed Combat | 1 2 3 |  3.5
Spellcasting   | 3 4 |  4.6
Conjurations   | 1 2 |  2.9
Hexes          | 1 2 |  2.9
Summonings     | 1 2 |  2.9
Necromancy     | 1 2 |  2.9
Translocations | 1 2 |  2.9
Transmutations | 1 2 |  2.9
Fire Magic     | 1 2 |  2.9
Ice Magic      | 1 2 |  2.9
Air Magic      | 1 2 |  2.9
Earth Magic    | 1 2 |  2.9
Poison Magic   | 1 2 |  2.9
Short Blades   | 3 4 |  4.4
Evocations     | 3 4 |  4.4
Armour         | 5 |  5.9

Action                   |  1- 3 |  4- 6 |  7- 9 || total
-------------------------+-------+-------+-------++-------
Melee: Dagger            |    79 |   182 |   163 ||   424
       Bite              |    13 |    20 |    31 ||    64
       Punch             |     2 |     2 |     5 ||     9
       Long sword        |    25 |       |    13 ||    38
 Cast: Sandblast         |       |     2 |       ||     2
Invok: Recall Undead Har |     1 |       |       ||     1
  Use: Scroll            |     5 |     3 |     8 ||    16
       Potion            |       |     3 |       ||     3
 Stab: Sleeping          |    13 |    20 |     6 ||    39
       Distracted        |       |     2 |       ||     2
Armor: Leather armour    |    21 |    49 |    45 ||   115
Dodge: Dodged            |    61 |    84 |    97 ||   242

Table legend: (Time is in decaauts)
 A = Elapsed time spent in this place.
 B = Non-inter-level travel time spent in this place.
 C = Inter-level travel time spent in this place.
 D = Time resting spent in this place.
 E = Time spent auto-exploring this place.
 F = Levels seen in this place.
 G = Mean time per level.
                   A        B        C        D        E       F      G
               +--------+--------+--------+--------+--------+-----+--------+
         Total |   5416 |   5223 |    193 |    243 |   3724 |   7 |  773.7 |
       Dungeon |   4908 |   4715 |    193 |    124 |   3552 |   6 |  818.0 |
         Sewer |    508 |    508 |      0 |    119 |    172 |   1 |  508.0 |
               +--------+--------+--------+--------+--------+-----+--------+

Top non-repeatable levels by time:
     D:5: 1079 daAuts
     D:2: 946 daAuts
     D:4: 858 daAuts
     D:3: 677 daAuts
     D:6: 673 daAuts
     D:1: 672 daAuts
   Sewer: 508 daAuts
